 Dungeon Crawl Stone Soup version 0.25-a0-317-g5f8687bca5 (webtiles) character file.

Game seed: 13140879267854708504, levelgen mode: deterministic

916 Essalna the Poker (level 8, -5/57 HPs)
             Began as a Merfolk Skald on Dec 25, 2019.
             Was a Follower of Hepliaklqana.
             Slain by a wraith (9 damage)
             ... in an ossuary on Dec 26, 2019.
             The game lasted 00:14:18 (5104 turns).

Essalna the Poker (Merfolk Skald)                   Turns: 5104, Time: 00:14:19

Health: -5/57      AC:  5    Str: 14    XL:     8   Next: 9%
Magic:  11/12      EV: 25    Int: 12    God:    Hepliaklqana [*.....]
Gold:   213        SH:  0    Dex: 18    Spells: 10/11 levels left

rFire    + . .     SeeInvis .   i - +0 halberd
rCold    + . .     Gourm    +   (shield currently unavailable)
rNeg     . . .     Faith    .   u - +0 leather armour (curse)
rPois    +         Spirit   .   (no helmet)
rElec    +         Reflect  .   (no cloak)
rCorr    +         Harm     .   (no gloves)
MR       .....                  c - +1 pair of boots
Stlth    +.........             h - amulet of the gourmand
HPRegen  0.00/turn              v - +3 ring of evasion
MPRegen  0.13/turn              A - ring of attention (curse)

@: agile, resistant, slowed, very slow
A: change form in water, swift swim, stealthy swim, reduced essence, high mp 1,
inhibited regeneration
a: Recall Ancestor, Ancestor Identity, Renounce Religion


You were in an ossuary.
You worshipped Hepliaklqana.
Hepliaklqana was aware of your devotion.
You were very full.

You visited 2 branches of the dungeon, and saw 7 of its levels.
You also visited: Ossuary.

You collected 213 gold pieces.

Inventory:

Hand Weapons
 a - a +0 spear
 i - a +0 halberd (weapon)
Armour
 b - a +0 leather armour
 c - a +1 pair of boots (worn)
 f - a +0 ring mail
 u - a cursed +0 leather armour (worn)
Jewellery
 h - an amulet of the gourmand (around neck)
 v - a +3 ring of evasion (left hand)
 A - a cursed ring of attention (right hand)
 B - an uncursed ring of protection from magic {unknown}
Wands
 k - a wand of acid (10)
Scrolls
 g - 3 scrolls of identify
 m - 4 scrolls of enchant armour
 n - 7 scrolls of teleportation
Potions
 e - a potion of invisibility {unknown}
 j - a potion of brilliance {unknown}
 l - 3 potions of mutation
 o - a potion of degeneration {unknown}
 p - a potion of lignification {unknown}
 r - a potion of agility
 s - a potion of berserk rage {unknown}
 t - a potion of heal wounds {unknown}
 x - 2 potions of flight {unknown}
 z - a potion of resistance
Comestibles
 d - 9 rations


   Skills:
 + Level 6.0 Fighting
 + Level 7.8 Polearms
 - Level 1.0 Armour
 + Level 7.2 Dodging
 - Level 2.0 Spellcasting
 - Level 3.2 Charms


You had 10 spell levels left.
You knew the following spells:

 Your Spells              Type           Power        Failure   Level  Hunger
a - Infusion              Chrm           #...         9%          1    ##.....

Your spell library contained the following spells:

 Spells                   Type           Power        Failure   Level  Hunger
 Song of Slaying          Chrm           #.......     13%         2    ###....
 Shroud of Golubria       Chrm/Tloc      #.....       26%         2    ###....
 Magic Dart               Conj           #...         32%         1    ##.....
 Blink                    Tloc           N/A          45%         2    ###....
 Call Imp                 Summ           #.......     45%         2    ###....
 Slow                     Hex            #.......     45%         2    ###....
 Regeneration             Chrm/Necr      #.........   45%         3    ####...
 Spectral Weapon          Hex/Chrm       #.......     45%         3    ####...
 Conjure Flame            Conj/Fire      #.......     69%         3    ####...
 Mephitic Cloud           Conj/Pois/Air  #.......     69%         3    ####...
 Iskenderun's Battlesphe  Conj/Chrm      #.......     99%         5    ######.
 Bolt of Magma            Conj/Fire/Erth #.........   100%        5    ######.
 Iron Shot                Conj/Erth      #.........   100%        6    #######
 Orb of Destruction       Conj           #.........   100%        7    #######
 Spellforged Servitor     Conj/Summ      #.........   100%        7    #######


Dungeon Overview and Level Annotations

Branches:
Dungeon (6/15)             Temple (1/1) D:4         Ossuary (1/1)

Altars:
Cheibriados
Dithmenos
Elyvilon
Fedhas
Gozag
Hepliaklqana
Nemelex Xobeh
Okawaru
Sif Muna
Trog
Uskayaw
Vehumet
Wu Jian
Yredelemnul
Zin
The Shining One


Innate Abilities, Weirdness & Mutations

You revert to your normal form in water.
You are very nimble and swift while swimming.
You are very stealthy in the water. (Stealth+)
Your life essence is reduced to manifest your ancestor. (-10% HP)
You have an increased reservoir of magic. (+10% MP)
You do not regenerate when monsters are visible.


Message History

The wraith is moderately damaged.
The wraith misses you.
You feel better. The wraith hits you.
* * * LOW HITPOINT WARNING * * *
It was a potion of mutation.
You feel extremely strange.
Your regeneration stops near monsters.
You feel more energetic. The wraith barely misses you. The wraith hits you.
* * * LOW HITPOINT WARNING * * *
Okay, then.
Unknown command.
Unknown command.
Okay, then.
Unknown command.
It was a potion of agility.
You feel agile all of a sudden. The wraith misses you.
It was a potion of resistance.
You feel protected. The wraith completely misses you. The wraith hits you!
You die...

+...8...'.#..'.#..#
###.....####.####..#
...................#
....#.#............#
....#'#.^....####..#
8...#.#...8...+ #..#
....###......####..#
.^....^............#
....^...........@..#
.#..#.#..#.#..#W#..#
'#..#'#..#+#..#'#..#
.#..#.#..# # .#!#..#
##..###..###.^###..#
.....^......^.. ...#
............... ..#
####'''######## ###
##...##


You could see a wraith.

Vanquished Creatures
  Eustachio (D:4)
  2 ogres
  A phantom (D:4)
  A bullfrog zombie (D:6)
  A hound (D:5)
  An orc priest (D:5)
  Jessica (D:3)
  A human zombie (Ossuary)
  Ijyb (D:4)
  2 orc wizards
  A worker ant (D:6)
  4 gnolls (D:3)
  7 adders
  An ooze (D:5)
  A worm (D:2)
  4 dart slugs (D:1)
  2 leopard geckos
  12 orcs
  A giant cockroach (D:2)
  8 hobgoblins
  10 jackals
  7 kobolds
  6 quokkas
  8 bats
  3 frilled lizards
  8 goblins
  3 goblin zombies (Ossuary)
  A hobgoblin zombie (Ossuary)
  2 kobold zombies (Ossuary)
  7 rats
108 creatures vanquished.

Vanquished Creatures (collateral kills)
  An orc wizard (D:5)
  An iguana (D:4)
  4 orcs (D:5)
  A giant cockroach zombie (D:5)
7 creatures vanquished.

Vanquished Creatures (others)
  An ancestor (Ossuary)
1 creature vanquished.

Grand Total: 116 creatures vanquished

Notes
Turn   | Place    | Note
-------+----------+-------------------------------------------
     0 | D:1      | Essalna the Merfolk Skald began the quest for the Orb.
     0 | D:1      | Reached XP level 1. HP: 16/16 MP: 3/3
   122 | D:1      | Reached XP level 2. HP: 20/23 MP: 1/5
   216 | D:1      | Reached skill level 1 in Armour
   524 | D:1      | Reached XP level 3. HP: 21/28 MP: 0/6
   843 | D:2      | Found a faded altar of an unknown god.
   894 | D:2      | Reached XP level 4. HP: 13/35 MP: 2/7
  1799 | D:3      | Reached XP level 5. HP: 15/41 MP: 2/8
  1853 | D:3      | Reached skill level 5 in Polearms
  2033 | D:3      | Noticed Jessica
  2095 | D:3      | Killed Jessica
  2289 | D:3      | Reached XP level 6. HP: 8/48 MP: 9/9
  2792 | D:3      | Reached skill level 5 in Dodging
  2793 | D:3      | Found an iron altar of Okawaru.
  2850 | D:4      | Noticed Eustachio
  2871 | D:4      | Killed Eustachio
  2943 | D:4      | Reached XP level 7. HP: 32/55 MP: 6/10
  3143 | D:4      | Found a staircase to the Ecumenical Temple.
  3181 | Temple   | Entered the Ecumenical Temple
  3182 | Temple   | Upgraded the game from 0.25-a0-316-gd28d56f9c5 to
                  | 0.25-a0-317-g5f8687bca5
  3229 | Temple   | Became a worshipper of Hepliaklqana the Forgotten
  3377 | D:4      | Noticed Ijyb
  3414 | D:4      | Killed Ijyb
  3414 | D:4      | Reached skill level 5 in Fighting
  3434 | D:4      | Found a blossoming altar of Fedhas.
  3909 | D:5      | Entered Level 5 of the Dungeon
  3951 | D:5      | Found a glowing silver altar of Zin.
  3951 | D:5      | Found a shadowy altar of Dithmenos.
  4140 | D:5      | Reached * piety under Hepliaklqana
  4712 | D:6      | Reached XP level 8. HP: 13/57 MP: 11/11
  4862 | D:6      | Found a sand-covered staircase.
  4883 | Ossuary  | Entered an ossuary
  4883 | Ossuary  | Noticed a wraith
  4883 | Ossuary  | Noticed a wraith
  4883 | Ossuary  | Noticed a wraith
  5088 | Ossuary  | Noticed a wraith
  5102 | Ossuary  | Gained mutation: You do not regenerate when monsters are
                  | visible. [potion of mutation]
  5102 | Ossuary  | Gained mutation: You have an increased reservoir of magic.
                  | (+10% MP) [potion of mutation]
  5104 | Ossuary  | Slain by a wraith

Levels and vault maps discovered:
D:1:      tarquinn_simple_flora_water_d, layout_basic
D:2:      layout_rooms, chequers_ecumenical_altar_simple
D:3:      layout_basic, lemuel_coloured_pillars_altar, minmay_cut_off,
          uniq_jessica
D:4:      layout_loops_ring, nicolae_overflow_hidden_temple,
          minmay_temple_entry_statues_fountains, minmay_goblin_outpost,
          uniq_eustachio, uniq_ijyb
D:5:      cheibrodos_helix_gallery, layout_basic,
          gammafunk_temple_overflow_wave, first_ration
D:6:      kennysheep_housing_project, layout_cave_pods,
          nicolae_ossuary_entry_false_entrances, serial_shops,
          nicolae_shop_crystal
Temple:   eino_narrow_crystal_temple
Ossuary:  ossuary_kennysheep_city_of_the_dead

Skill      XL: |  1  2  3  4  5  6  7  8 |
---------------+-------------------------+-----
Armour         | 1 |  1.0
Dodging        | 3 4 5 7 |  7.2
Fighting       | 3 4 5 6 |  6.0
Polearms       | 4 5 6 7 |  7.8
Spellcasting   | |  2.0
Charms         | |  3.2

Action                   |  1- 3 |  4- 6 |  7- 9 || total
-------------------------+-------+-------+-------++-------
Melee: Spear             |   147 |   105 |       ||   252
       Halberd           |       |    94 |   138 ||   232
 Cast: Infusion          |     7 |     5 |     2 ||    14
Invok: Recall Ancestor   |       |       |     1 ||     1
  Use: Scroll            |       |     8 |     2 ||    10
       Potion            |       |     1 |     5 ||     6
 Stab: Sleeping          |       |       |     2 ||     2
  Eat: Chunk             |       |    17 |     8 ||    25
Armor: Leather armour    |     3 |    57 |    16 ||    76
       Ring mail         |    37 |     3 |       ||    40
Dodge: Dodged            |    62 |   153 |   115 ||   330

Table legend:
 A = Non-vault XP
 B = Vault XP
 C = Vault XP percentage of total XP
 D = Non-vault monster count
 E = Vault monster count
 F = Vault count percentage of total count
                 A         B        C        D         E       F
            +---------+---------+-------+---------+---------+-------
      Total |     997 |     312 |  23.8 |     102 |      12 |  10.5
            +---------+---------+-------+---------+---------+-------
        D:1 |      51 |       0 |   0.0 |      30 |       0 |   0.0
        D:2 |      43 |       0 |   0.0 |      16 |       0 |   0.0
        D:3 |     189 |      39 |  17.1 |      30 |       2 |   6.2
        D:4 |     334 |     229 |  40.7 |      11 |       3 |  21.4
        D:5 |     305 |       2 |   0.7 |      13 |       1 |   7.1
        D:6 |      75 |       0 |   0.0 |       2 |       0 |   0.0
    Ossuary |       0 |      42 | 100.0 |       0 |       6 | 100.0
            +---------+---------+-------+---------+---------+-------
